 Dungeon Crawl Stone Soup version 0.18-a0-1745-gffa9a88 (webtiles) character file.

4799 dohliylev the Unseen (level 10, -2/68 HPs)
             Began as a Vampire Enchanter on Apr 11, 2016.
             Was a Priest of Dithmenos.
             Slain by a seven-headed hydra (6 damage)
             ... on level 12 of the Dungeon.
             The game lasted 05:52:44 (9659 turns).

dohliylev the Unseen (Vampire Enchanter)            Turns: 9659, Time: 05:52:45

Health: -2/68      AC:  4    Str:  7    XL:     10   Next: 24%
Magic:  11/19      EV: 14    Int: 17    God:    Dithmenos [***...]
Gold:   408        SH:  0    Dex: 19    Spells: 4 memorised, 12 levels left

rFire  . . .     SeeInvis +     a - +1 dagger (venom)
rCold  + + +     Gourm    .     z - +0 robe {rC+}
rNeg   + + +     Faith    .     (no shield)
rPois  +         Spirit   .     I - +0 helmet
rElec  .         Dismiss  .     v - +0 cloak
rCorr  +         Reflect  .     (no gloves)
SustAt .         Harm     .     (no boots)
MR     +....                    (no amulet)
Stlth  ++++++++++               D - ring of protection from cold
                                q - ring of resist corrosion

@: regenerating slowly, wreathed by umbra, somewhat resistant to hostile
enchantments, uncannily stealthy
A: fangs 3, see invisible, unbreathing
a: Bat Form, Shadow Step, Renounce Religion


You were on level 12 of the Dungeon.
You worshipped Dithmenos.
Dithmenos was most pleased with you.
You were near bloodless.

You visited 1 branch of the dungeon, and saw 10 of its levels.

You collected 408 gold pieces.

Inventory:

Hand Weapons
 a - a +1 dagger of venom (weapon)
Missiles
 H - 4 poisoned needles
Armour
 b - a +1 robe
 v - a +0 cloak (worn)
 z - a +0 robe of cold resistance (worn)
 I - a +0 helmet (worn)
 K - the +4 leather armour of Xaymynir {Int+2 Slay-4 SInv, unknown}
   (You found it on level 7 of the Dungeon)

   It affects your intelligence (+2).
   It affects your accuracy and damage with ranged weapons and melee attacks
   (-4).
   It lets you see invisible.
 L - the +1 leather armour of the Lair of Beasts {+Inv, unknown}
   (You found it on level 7 of the Dungeon)

   It lets you turn invisible.
 M - a +0 pair of gloves
Jewellery
 q - a ring of resist corrosion (left hand)
 y - an uncursed ring of sustain attributes
 D - a ring of protection from cold (right hand)
 R - an uncursed ring of magical power {unknown}
Wands
 o - a wand of paralysis (17/24)
 J - a wand of random effects (32/48)
Scrolls
 e - 10 scrolls of identify {unknown}
 h - 4 scrolls of blinking {unknown}
 i - 3 scrolls of teleportation {unknown}
 j - 3 scrolls of fear {unknown}
 k - 10 scrolls of remove curse {unknown}
 p - 3 scrolls of amnesia {unknown}
 r - 4 scrolls of enchant weapon {unknown}
 s - 2 scrolls of fog {unknown}
 u - 2 scrolls of recharging {unknown}
 C - a scroll of magic mapping {unknown}
 E - 3 scrolls of random uselessness {unknown}
 F - 2 scrolls of enchant armour {unknown}
 O - a scroll of vulnerability {unknown}
Potions
 d - 19 potions of blood
 f - a potion of invisibility {unknown}
 g - 3 potions of ambrosia {unknown}
 l - 4 potions of heal wounds {unknown}
 m - 2 potions of lignification {unknown}
 n - a potion of might {unknown}
 t - 4 potions of degeneration {unknown}
 w - a potion of brilliance
 x - a potion of resistance {unknown}
 A - a potion of mutation {unknown}
 G - a potion of cure mutation {unknown}
 N - a potion of berserk rage {unknown}
 P - a potion of curing
Books
 c - a book of Maledictions

   Spells                             Type                      Level
   a - Corona                         Hexes                        1
   b - Ensorcelled Hibernation        Hexes/Ice                    2
   c - Confuse                        Hexes                        3
   d - Tukima's Dance                 Hexes                        3
   e - Dazzling Spray                 Conjuration/Hexes            3
 B - a book of Unlife

   Spells                             Type                      Level
   a - Recall                         Summoning/Translocation      3
   b - Animate Dead                   Necromancy                   4
   c - Control Undead                 Necromancy                   4
   d - Cigotuvi's Embrace             Necromancy                   5
   e - Death Channel                  Necromancy                   6
   f - Simulacrum                     Ice/Necromancy               6
 Q - a book of the Dragon

   Spells                             Type                      Level
   a - Flame Tongue                   Conjuration/Fire             1
   b - Cause Fear                     Hexes                        4
   c - Bolt of Fire                   Conjuration/Fire             6
   d - Dragon Form                    Transmutation                7
   e - Dragon's Call                  Summoning                    9


   Skills:
 + Level 2.5 Fighting
 + Level 2.8 Short Blades
 + Level 2.9 Dodging
 + Level 15.6 Stealth
 + Level 6.0 Spellcasting
 + Level 1.2 Conjurations
 + Level 9.2 Hexes
 + Level 4.8 Ice Magic
 + Level 0.1 Invocations


You had 12 spell levels left.
You knew the following spells:

 Your Spells              Type           Power        Failure   Level  Hunger
a - Corona                Hex            #####..      1%          1    None
b - Ensorcelled Hibernat  Hex/Ice        ####..       1%          2    None
c - Dazzling Spray        Conj/Hex       ###.....     6%          3    ##.....
d - Tukima's Dance        Hex            #####...     1%          3    ##.....


Dungeon Overview and Level Annotations

Branches:
Dungeon (9/15)             Temple (0/1) D:6
   Lair: D:8-11         Orc: D:9-12

Altars:
Ashenzari
Cheibriados
Dithmenos
Fedhas
Gozag
Nemelex Xobeh
Okawaru
Trog
Xom
The Shining One

Annotations:
D:3 skk's ghost, amateur HaAs
D:12 Frances


Innate Abilities, Weirdness & Mutations

You heal slowly.
You have razor-sharp teeth.
You have supernaturally acute eyesight.
You can survive without breathing.


Message History

The seven-headed hydra misses you. The seven-headed hydra bites you. x2
The seven-headed hydra bites you! The seven-headed hydra bites you.
The seven-headed hydra bites you!
* * * LOW HITPOINT WARNING * * *
The seven-headed hydra closely misses you.
Casting: Ensorcelled Hibernation
Confirm with . or Enter, or press ? or * to list all spells.
Aiming: Ensorcelled Hibernation
Press: ? - help, Shift-Dir - straight line, f/p - seven-headed hydra
Aim: a seven-headed hydra (umbra, chance to defeat MR: 23%)
The seven-headed hydra resists with almost no effort.
The seven-headed hydra closely misses you.
The seven-headed hydra bites you but does no damage.
The seven-headed hydra misses you. The seven-headed hydra bites you!
* * * LOW HITPOINT WARNING * * *
The seven-headed hydra barely misses you.
The seven-headed hydra bites you.
* * * LOW HITPOINT WARNING * * *
The seven-headed hydra bites you.
You die...

.. #....# #.. ..#....#
##..############ ..#....#
........#......# ........
........#......# ......
.....O..#......# .....
.....D.#......#########...
#####..<#D@....#...........
...........................
...........................
...........................
....#.........##....#######
... #......................
.. #......................
. #............).........
###########...#########


You could see a seven-headed hydra.

Vanquished Creatures
  A hill giant (D:12)
  A gargoyle (D:12)
  A hippogriff (D:8)
  An orc warrior (D:7)
  3 ice beasts
  A wasp (D:8)
  4 sky beasts
  2 black bears
  4 ogres
  4 centaurs
  A big kobold (D:8)
  7 giant frogs
  A water moccasin skeleton (D:7)
  4 scorpions
  3 howler monkeys (D:7)
  7 crimson imps
  A giant frog zombie (D:7)
  8 orc wizards
  3 hounds
  A gnoll shaman (D:6)
  3 orc priests
  2 giant frog skeletons
  5 iguanas
  6 worker ants
  A hound zombie (D:5)
  A howler monkey zombie (D:5)
  A worker ant zombie (D:7)
  4 gnolls (D:6)
  7 adders
  3 shadow imps
  An ooze (D:5)
  An adder zombie (D:9)
  3 worms
  2 dart slugs (D:1)
  8 giant geckos
  37 orcs
  A ball python (D:3)
  10 bats
  7 giant cockroaches
  9 goblins
  7 hobgoblins
  3 jackals
  13 kobolds
  4 quokkas
  A giant cockroach zombie (D:5)
  3 giant gecko skeletons (D:4)
  A giant gecko zombie (D:6)
  8 giant newts
  2 jackal skeletons
  4 rats
216 creatures vanquished.

Vanquished Creatures (others)
  2 dancing weapons (D:6)
2 creatures vanquished.

Grand Total: 218 creatures vanquished

Notes
Turn   | Place    | Note
--------------------------------------------------------------
     0 | D:1      | dohliylev the Vampire Enchanter began the quest for the Orb.
     0 | D:1      | Reached XP level 1. HP: 13/13 MP: 3/3
   134 | D:1      | Reached XP level 2. HP: 17/19 MP: 3/5
   138 | D:1      | Learned a level 2 spell: Ensorcelled Hibernation
   199 | D:1      | Reached skill level 5 in Stealth
   425 | D:1      | Reached XP level 3. HP: 20/24 MP: 6/6
   891 | D:2      | Reached skill level 5 in Hexes
   930 | D:2      | Found a shadowy altar of Dithmenos.
   941 | D:2      | Became a worshipper of Dithmenos the Shadowed
  1143 | D:2      | Reached XP level 4. HP: 30/30 MP: 7/7
  1197 | D:2      | Found an opulent altar of Gozag.
  1679 | D:3      | Noticed skk's ghost (amateur HaAs)
  1766 | D:3      | Reached skill level 6 in Stealth
  1772 | D:3      | Reached skill level 1 in Ice Magic
  2110 | D:4      | Reached skill level 7 in Stealth
  2110 | D:4      | Reached XP level 5. HP: 36/36 MP: 5/8
  2149 | D:4      | Reached * piety under Dithmenos
  2242 | D:4      | Reached skill level 8 in Stealth
  2252 | D:4      | Reached XP level 6. HP: 15/42 MP: 2/10
  2395 | D:4      | Learned a level 3 spell: Dazzling Spray
  2493 | D:4      | Reached skill level 9 in Stealth
  2805 | D:5      | Entered Level 5 of the Dungeon
  2990 | D:5      | Found a sparkling altar of Nemelex Xobeh.
  2991 | D:5      | Found a shattered altar of Ashenzari.
  3077 | D:5      | Found a blossoming altar of Fedhas.
  3154 | D:5      | Noticed a sky beast
  3157 | D:5      | Killed a sky beast
  3157 | D:5      | Reached XP level 7. HP: 47/47 MP: 11/11
  3210 | D:5      | Reached skill level 10 in Stealth
  3559 | D:5      | Reached ** piety under Dithmenos
  3559 | D:5      | Reached skill level 1 in Fighting
  4326 | D:5      | Found a bloodstained altar of Trog.
  4498 | D:6      | Reached skill level 11 in Stealth
  4518 | D:6      | Reached XP level 8. HP: 54/54 MP: 10/13
  4635 | D:6      | Found a staircase to the Ecumenical Temple.
  4742 | D:6      | Found a glowing golden altar of the Shining One.
  4863 | D:6      | Learned a level 3 spell: Tukima's Dance
  4942 | D:6      | Reached skill level 12 in Stealth
  5649 | D:3      | Found a shimmering altar of Xom.
  5960 | D:6      | Reached skill level 13 in Stealth
  6197 | D:7      | Reached XP level 9. HP: 46/61 MP: 0/16
  6420 | D:7      | Reached skill level 5 in Spellcasting
  6591 | D:7      | Got a twisted leather armour
  6740 | D:7      | Got a fine leather armour
  6894 | D:7      | Reached skill level 14 in Stealth
  8084 | D:8      | Found a snail-covered altar of Cheibriados.
  8127 | D:8      | Reached *** piety under Dithmenos
  8438 | D:8      | Found a blossoming altar of Fedhas.
  9046 | D:8      | Reached skill level 1 in Conjurations
  9167 | D:8      | Reached skill level 15 in Stealth
  9167 | D:8      | Reached XP level 10. HP: 68/68 MP: 8/18
  9444 | D:9      | Found an iron altar of Okawaru.
  9494 | D:9      | You fall through a shaft for 3 floors!
  9494 | D:12     | Noticed a gargoyle
  9499 | D:12     | Noticed a hill giant
  9510 | D:12     | Killed a hill giant
  9532 | D:12     | Killed a gargoyle
  9628 | D:12     | Noticed Frances
  9650 | D:12     | Noticed a seven-headed hydra
  9659 | D:12     | Slain by a seven-headed hydra

Vault maps used:
D:1:      ncdulo_smallfort, st_stairs_9
D:2:      lemuel_doored_altar, grunt_dithmenos_smoke_and_mirrors
D:3:      xom_teletrap_fun
D:4:      first_bread, grunt_ministairs_2
D:5:      kennysheep_spiral_hall, gammafunk_temple_overflow_pools,
          lightli_temple_of_fire, old_standard_altar
D:6:      nicolae_tso_carved_into_rock, minmay_temple_entry_statues_pillars
D:8:      cheibriados_altar_1, hangedman_tree_tricks
D:9:      okawaru_trees_1
D:12:     uniq_frances

Skill      XL: |  1  2  3  4  5  6  7  8  9 10 |
---------------+-------------------------------+-----
Stealth        | 5 7 8 9 11 13 15 | 15.6
Hexes          | 5 6 7 8 9 |  9.2
Ice Magic      | 1 2 3 4 |  4.8
Spellcasting   | 3 4 5 6 |  6.0
Fighting       | 1 2 |  2.5
Short Blades   | 2 |  2.8
Conjurations   | 1 |  1.2
Dodging        | |  2.9
Invocations    | |  0.1

Action                   |  1- 3 |  4- 6 |  7- 9 | 10-12 || total
-------------------------+-------+-------+-------+-------++-------
Melee: Dagger            |   105 |    86 |   319 |    13 ||   523
 Cast: Corona            |     1 |       |     1 |       ||     2
       Ensorcelled Hiber |    22 |    39 |    88 |     5 ||   154
       Dazzling Spray    |       |     1 |    34 |     3 ||    38
       Tukima's Dance    |       |       |     2 |       ||     2
Invok: Shadow Step       |       |       |     1 |       ||     1
 Abil: End Transformatio |       |     1 |     2 |       ||     3
       Bat Form          |       |     1 |     2 |       ||     3
  Use: Potion            |     2 |       |     4 |       ||     6
 Stab: Sleeping          |    32 |    35 |    82 |     6 ||   155
       Distracted        |     1 |       |       |       ||     1
       Invisible         |       |       |       |     1 ||     1
